 Dungeon Sprint DCSS version 0.23.2 (webtiles) character file.

Game seed: 3321156288838741057

533 MartialLaw the Basher (level 7, -8/76 HPs)
             Began as a Troll Berserker on Mar 31, 2019.
             Was a Priest of Trog.
             Mangled by a human (11 damage)
             ... in the Dungeon (Sprint III: "The Ten Rune Challenge").
             The game lasted 00:01:47 (236 turns).

MartialLaw the Basher (Troll Berserker)              Turns: 236, Time: 00:01:48

Health: -8/76      AC:  6    Str: 28    XL:     7   Next: 4%
Magic:  6/6        EV: 12    Int:  3    God:    Trog [***...]
Gold:   34         SH:  0    Dex:  9    Spells: 6/6 levels left

rFire    . . .     SeeInvis .   a - +0 mace
rCold    . . .     Gourm    +   (no shield)
rNeg     . . .     Faith    .   b - +0 animal skin
rPois    .         Spirit   .   (helmet restricted)
rElec    .         Reflect  .   (no cloak)
rCorr    .         Harm     .   (gloves unavailable)
MR       .....     NoTele   +   (boots unavailable)
Stlth    +.........             (no amulet)
HPRegen  0.62/turn              (no ring)
MPRegen  0.10/turn              (no ring)

@: berserk cooldown, slowed, very slow
A: large, unfitting armour, claws 3, fast metabolism 3, gourmand, regeneration
1, shaggy fur 1, tough skin 3
a: Berserk, Trog's Hand, Renounce Religion


You were in the Dungeon.
You worshipped Trog.
Trog was most pleased with you.
You were full.

You visited 1 branch You collected 34 gold pieces.

Inventory:

Hand Weapons
 a - a +0 mace (weapon)
Armour
 b - a +0 animal skin (worn)
Scrolls
 i - a scroll of blinking
Potions
 d - 2 potions of curing
 e - a potion of heal wounds
 f - a potion of haste
 g - 2 potions of magic
 h - a potion of berserk rage
Comestibles
 c - 2 rations


   Skills:
 + Level 6.8 Fighting
 * Level 10.2 Maces & Flails
 + Level 6.8 Dodging


You had 6 spell levels left.
You didn't know any spells.
Your spell library was empty.

Dungeon Overview and Level Annotations

Branches:
Dungeon (1/1)

Altars:
Elyvilon
Okawaru
Trog
Uskayaw
Wu Jian
Zin
The Shining One
Beogh


Innate Abilities, Weirdness & Mutations

You are too large for most types of armour.
You have claws for hands.
Your metabolism is lightning-fast.
You like to eat raw meat.
Your natural rate of healing is unusually fast.
You are covered in fur. (AC +1)
You have extremely tough skin. (AC +3)


Message History

The human is heavily wounded.
The human hits you with a +0 short sword!
The human barely misses you. x2
You hit the human.
The human is heavily wounded.
The human hits you with a +0 short sword!
The human hits you but does no damage.
The human hits you with a +0 short sword!
The human barely misses you.
You miss the human.
The human is heavily wounded.
The human hits you with a +0 short sword.
The human hits you but does no damage. The human hits you!
* * * LOW HITPOINT WARNING * * *
You closely miss the human.
The human is heavily wounded.
The human hits you with a +0 short sword!
* * * LOW HITPOINT WARNING * * *
The human barely misses you. The human hits you!
You die...

▓▓▓ ▓▓▓ ..####
##.######### .....##
#..#___#___# ..÷...#
#..#.).#__. .##...#
#..###'#p###+## .###..#
+#..#...@p.....# #.##..#
#...'.⌠........#
.##..####...#...######+#
.##..###....#.⌠.#
##...##.....#...#
#....#÷.....#+###
#..##.#.....#
#..#####....# ▓▓▓▓
▓▓▓▓▓▓


You could see 2 humans.

Vanquished Creatures
  A deep elf mage (D)
  A water elemental (D)
  A scorpion (D)
  A human (D)
  An ooze (D)
  3 rats (D)
8 creatures vanquished.

Vanquished Creatures (others)
  6 hellions (D)
  A yaktaur (D)
7 creatures vanquished.

Grand Total: 15 creatures vanquished

Notes
Turn   | Place    | Note
-------+----------+-------------------------------------------
     0 | D        | MartialLaw the Troll Berserker began the quest for the Orb.
     0 | D        | Reached XP level 1. HP: 22/22 MP: 0/0
    10 | D        | Reached skill level 3 in Maces & Flails
    16 | D        | Killed a yaktaur
    41 | D        | Reached ** piety under Trog
    65 | D        | Noticed a scorpion
    76 | D        | Reached skill level 4 in Maces & Flails
    76 | D        | Reached XP level 2. HP: 23/31 MP: 1/1
   106 | D        | Killed a hellion
   127 | D        | Killed a scorpion
   127 | D        | Reached skill level 5 in Maces & Flails
   127 | D        | Reached XP level 3. HP: 34/39 MP: 2/2
   127 | D        | Reached XP level 4. HP: 41/48 MP: 3/3
   127 | D        | Killed a hellion
   127 | D        | Killed a hellion
   129 | D        | Killed a hellion
   129 | D        | Killed a hellion
   130 | D        | Killed a hellion
   161 | D        | Noticed a water elemental
   166 | D        | Killed a water elemental
   166 | D        | Reached *** piety under Trog
   166 | D        | Reached skill level 6 in Maces & Flails
   205 | D        | Found a glowing silver altar of Zin.
   206 | D        | Found a glowing golden altar of the Shining One.
   206 | D        | Found a white marble altar of Elyvilon.
   206 | D        | Noticed a deep elf mage
   214 | D        | Killed a deep elf mage
   214 | D        | Reached skill level 10 in Maces & Flails
   214 | D        | Reached XP level 5. HP: 61/61 MP: 4/4
   214 | D        | Reached XP level 6. HP: 68/68 MP: 5/5
   214 | D        | Reached XP level 7. HP: 76/76 MP: 6/6
   226 | D        | Found a hide-covered altar of Uskayaw.
   226 | D        | Found a roughly hewn altar of Beogh.
   226 | D        | Found an iron altar of Okawaru.
   226 | D        | Found a bloodstained altar of Trog.
   226 | D        | Found an ornate altar of the Wu Jian Council.
   226 | D        | Noticed a human
   226 | D        | Noticed a human
   236 | D        | HP: 3/76 [human/+0 short sword (14)]
   236 | D        | Mangled by a human

Skill      XL: |  1  2  3  4 |
---------------+-------------+-----
Maces & Flails | 4 5 10 | 10.2
Fighting       | 3 4 6 |  6.8
Dodging        | 3 4 6 |  6.8

Action                   |  1- 3 |  4- 6 |  7- 9 || total
-------------------------+-------+-------+-------++-------
Melee: Mace              |    24 |    11 |    10 ||    45
Invok: Berserk           |     1 |     2 |       ||     3
  Eat: Chunk             |     2 |     1 |     4 ||     7
Armor: Animal skin       |     4 |     1 |     5 ||    10
Dodge: Dodged            |    13 |     2 |     7 ||    22
